 Dungeon Crawl Stone Soup version 0.25-a0-287-g56a5b49892 (webtiles) character file.

Game seed: 14564522624867549538, levelgen mode: deterministic

7866 Gargoyl the Cleaver (level 11, -4/89 HPs)
             Began as a Centaur Abyssal Knight on Dec 11, 2019.
             Was a High Priest of Lugonu.
             Slain by an ogre
             ... wielding a +0 giant club
             ... summoned by an orange crystal statue
              (21 damage)
             ... on level 9 of the Dungeon on Dec 12, 2019.
             The game lasted 00:18:21 (12355 turns).

Gargoyl the Cleaver (Centaur Abyssal Knight)       Turns: 12355, Time: 00:18:21

Health: -4/89      AC: 17    Str: 16      XL:     11   Next: 2%
Magic:  2/16       EV:  4    Int:  1 (11) God:    Lugonu [*****.]
Gold:   250        SH:  0    Dex: 11      Spells: 10/10 levels left

rFire    . . .     SeeInvis .   j - +5 hand axe (vamp)
rCold    . . .     Gourm    .   d - +0 buckler
rNeg     . . .     Faith    .   t - +0 plate armour
rPois    .         Spirit   .   (no helmet)
rElec    .         Reflect  .   b - +0 cloak
rCorr    .         Harm     .   h - +0 pair of gloves
MR       .....                  (no barding)
Stlth    ..........             f - amulet of rage
HPRegen  0.24/turn              v - +3 ring of protection
MPRegen  0.15/turn              o - +1 ring of protection

@: confused, very quick
A: large, hooves 3, deformed body, speed 2, tough skin 3
a: Depart the Abyss, Bend Space, Banish, Corrupt, Enter the Abyss, Renounce
Religion, Evoke Berserk Rage


You were on level 9 of the Dungeon.
You worshipped Lugonu.
Lugonu was extremely pleased with you.
You were hungry.

You visited 1 branch of the dungeon, and saw 11 of its levels.
You visited the Abyss 1 time.

You collected 467 gold pieces.
You spent 217 gold pieces at shops.

Inventory:

Hand Weapons
 j - a +5 vampiric hand axe (weapon)
 n - a +3 hand axe
Missiles
 a - 3 javelins (quivered)
Armour
 b - a +0 cloak (worn)
 d - a +0 buckler (worn)
 h - a +0 pair of gloves (worn)
 t - a +0 plate armour (worn)
Jewellery
 f - an amulet of rage (around neck)
 o - a +1 ring of protection (right hand)
 p - an uncursed ring of flight
 v - a +3 ring of protection (left hand)
 y - an uncursed amulet of faith {unknown}
Wands
 u - a wand of polymorph (10)
 z - a wand of flame (18)
Scrolls
 e - 3 scrolls of teleportation
 m - 3 scrolls of blinking
 q - 6 scrolls of remove curse
 s - a scroll of magic mapping
Potions
 k - 3 potions of magic {unknown}
 l - 2 potions of curing
 r - a potion of resistance {unknown}
 x - a potion of agility {unknown}
Comestibles
 c - 13 rations


   Skills:
 + Level 6.0 Fighting
 + Level 8.3 Axes
 + Level 0.6 Throwing
 * Level 7.2 Armour
 + Level 2.6 Dodging
 * Level 4.8 Shields
 * Level 7.6 Invocations


You had 10 spell levels left.
You didn't know any spells.
Your spell library contained the following spells:

 Spells                   Type           Power        Failure   Level  Hunger
 Confusing Touch          Hex            #.....       100%        1    ##.....
 Summon Small Mammal      Summ           #...         100%        1    ##.....
 Call Imp                 Summ           #.......     100%        2    ###....
 Call Canine Familiar     Summ           #.......     100%        3    ####...
 Confuse                  Hex            #.......     100%        3    ####...
 Gell's Gravitas          Tloc           #.........   100%        3    ####...
 Summon Guardian Golem    Hex/Summ       #.......     100%        3    ####...
 Petrify                  Tmut/Erth      #.......     100%        4    #####..
 Summon Ice Beast         Ice/Summ       #.......     100%        4    #####..
 Summon Lightning Spire   Summ/Air       #.......     100%        4    #####..
 Metabolic Englaciation   Hex/Ice        #.........   100%        5    ######.
 Yara's Violent Unravell  Hex/Tmut       #.........   100%        5    ######.


Dungeon Overview and Level Annotations

Branches:
Dungeon (11/15)            Temple (0/1) D:6
   Lair: D:8-11         Orc: D:9-12

Altars:
Elyvilon
Fedhas
Gozag
Kikubaaqudgha
Sif Muna
Uskayaw
Wu Jian
Xom
Yredelemnul
Zin

Shops:
D:4 *   D:9 *

Annotations:
D:9 1 runed translucent door, exclusion: 4 orange crystal statues


Innate Abilities, Weirdness & Mutations

You have hooves in place of feet.
Armour fits poorly on your strangely shaped body.
You cover ground very quickly.
You have extremely tough skin. (AC +3)


Message History

The gnoll sergeant hits you with a +0 spear!
Unknown command.
You hit the orange crystal statue. You kick the orange crystal statue!
The orange crystal statue is severely damaged.
You closely miss the bullfrog. You slash the ogre! You hit the gnoll sergeant.
The bullfrog hits you but does no damage.
The ogre hits you with a +0 giant club!
* * * LOW HITPOINT WARNING * * *
The orange crystal statue fixes its piercing gaze on you.
You feel dopey. Something feeds on your intellect!
You bump into the stone wall.
The bullfrog hits you.
* * * LOW HITPOINT WARNING * * *
The gnoll sergeant hits you but does no damage.
The orange crystal statue glitters topaz in the dim dungeon light.
The orange crystal statue fixes its piercing gaze on you.
You feel dopey. Something feeds on your intellect!
The ogre hits you with a +0 giant club!!
You die...

...................[.......).....
..................÷))............
....>..............<####.........
...[[............#### ##........
##......(........## ##.......
#...........#.....### ###.....
....................# ###.......
....<..##.#########.####......###
.....####.#8.ygg@8#.#.........#
..[### #.#.#yJO#F#......###..#
...[.####.#..gOyOh#....#####..###
..###...#.+..hggyyg.####......##.
...#####..#...Zy.c#........##(†((
..........#.#...#.#.....#######..
..........#8.....8#..#### ##..
..######..#########..## #...
.....####.............# #...


You could see 4 orange crystal statues, a black bear, 2 ogres, a gnoll sergeant,
a bullfrog, a centaur, a hound, a jelly, 5 killer bees, 5 gnolls and a jackal
skeleton.

Vanquished Creatures
  Harold (D:7)
  Pikel (D:6)
  A troll (D:11)
  2 hippogriffs
  A spriggan (D:9)
  2 wraiths (D:7)
  Duvessa (D:4)
  3 orc warriors
  A sky beast (D:8)
  2 phantoms
  A necrophage (D:5)
  3 slaves (D:6)
  6 ogres
  6 centaurs
  An elf zombie (D:7)
  A big kobold (D:9)
  6 bullfrogs
  Dowan (D:4)
  A wyvern skeleton (D:7)
  8 killer bees
  4 scorpions
  6 wights
  A howler monkey (D:4)
  A crimson imp (D:3)
  A bullfrog zombie (D:8)
  2 quasits
  5 human zombies (D:7)
  5 hounds
  A jelly (D:8)
  10 orc priests
  3 bullfrog skeletons
  2 human skeletons (D:7)
  11 orc wizards
  4 iguanas
  13 worker ants
  A mummy (D:7)
  2 worker ant zombies
  8 gnolls
  12 adders
  2 shadow imps
  An adder zombie (D:7)
  An adder skeleton (D:6)
  3 worms
  A dart slug (D:2)
  6 leopard geckos
  34 orcs
  3 giant cockroaches
  5 goblins
  5 hobgoblins
  13 jackals
  16 kobolds
  4 quokkas
  2 ball pythons
  6 bats
  4 frilled lizards
  A quokka skeleton (D:7)
  7 rats
255 creatures vanquished.

Notes
Turn   | Place    | Note
-------+----------+-------------------------------------------
     0 | Abyss:1  | Gargoyl the Centaur Abyssal Knight began the quest for the
                  | Orb.
     0 | Abyss:1  | Reached XP level 1. HP: 19/19 MP: 2/2
    55 | Abyss:1  | Noticed a worldbinder
    59 | D:1      | Escaped the Abyss
   350 | D:1      | Reached XP level 2. HP: 25/26 MP: 3/3
   430 | D:1      | Reached * piety under Lugonu
   454 | D:1      | Reached skill level 2 in Axes
   894 | D:2      | Reached XP level 3. HP: 17/31 MP: 4/4
   902 | D:2      | Found an ancient bone altar of Kikubaaqudgha.
   903 | D:2      | Found an ornate altar of the Wu Jian Council.
  1092 | D:2      | Found a shimmering blue altar of Sif Muna.
  1204 | D:2      | Reached skill level 1 in Shields
  1616 | D:2      | Reached XP level 4. HP: 37/38 MP: 6/6
  1952 | D:3      | Reached ** piety under Lugonu
  2195 | D:3      | Found a shimmering altar of Xom.
  2202 | D:3      | Reached XP level 5. HP: 44/45 MP: 7/7
  2683 | D:4      | Reached skill level 1 in Dodging
  3030 | D:5      | Entered Level 5 of the Dungeon
  3032 | D:5      | Noticed a necrophage
  3052 | D:5      | Reached XP level 6. HP: 50/50 MP: 8/8
  3072 | D:5      | Reached skill level 3 in Axes
  3636 | D:5      | Reached XP level 7. HP: 27/57 MP: 9/9
  4287 | D:4      | Reached *** piety under Lugonu
  4649 | D:4      | Found Zin's Purification Station.
  4649 | D:4      | Found a glowing silver altar of Zin.
  4787 | D:4      | Noticed Duvessa
  4790 | D:4      | Noticed Dowan
  4818 | D:4      | Killed Duvessa
  4818 | D:4      | Reached skill level 4 in Axes
  4998 | D:4      | Killed Dowan
  4998 | D:4      | Reached XP level 8. HP: 45/66 MP: 11/11
  5651 | D:5      | Upgraded the game from 0.25-a0-283-ge7e91ba8d0 to
                  | 0.25-a0-287-g56a5b49892
  6084 | D:5      | Noticed a +0 dagger
  6084 | D:5      | Noticed a +0 hand axe
  6089 | D:5      | Found a hide-covered altar of Uskayaw.
  6179 | D:5      | Found a white marble altar of Elyvilon.
  6413 | D:6      | Reached skill level 5 in Armour
  6612 | D:6      | Found a staircase to the Ecumenical Temple.
  7033 | D:7      | Noticed Harold
  7054 | D:6      | Reached skill level 5 in Axes
  7125 | D:6      | Reached skill level 5 in Invocations
  7460 | D:7      | Killed Harold
  7460 | D:7      | Reached XP level 9. HP: 73/73 MP: 11/13
  7465 | D:7      | Reached **** piety under Lugonu
  7510 | D:7      | Reached skill level 6 in Axes
  7616 | D:7      | Reached skill level 5 in Fighting
  7977 | D:7      | Found a shimmering blue altar of Sif Muna.
  7997 | D:7      | Noticed Pikel
  8177 | D:6      | Killed Pikel
  8456 | D:7      | Reached XP level 10. HP: 42/81 MP: 14/14
  9009 | D:7      | Reached skill level 7 in Axes
  9012 | D:7      | Found a basalt altar of Yredelemnul.
  9171 | D:7      | Found a blossoming altar of Fedhas.
 10622 | D:9      | You fall into a shaft and drop 2 floors!
 10663 | D:11     | Reached ***** piety under Lugonu
 10665 | D:11     | Reached skill level 8 in Axes
 10718 | D:11     | HP: 4/83 [orc warrior/+0 trident (11)]
 11183 | D:10     | Entered Level 10 of the Dungeon
 11211 | D:9      | Found a runed translucent door.
 11253 | D:9      | Noticed a two-headed ogre
 11276 | D:8      | HP: 3/83 [two-headed ogre/+0 giant spiked club (3)]
 11290 | D:8      | Banished a two-headed ogre
 11766 | D:9      | Reached XP level 11. HP: 87/89 MP: 16/16
 11818 | D:9      | Found Lotuc's Assorted Antiques.
 11820 | D:9      | Found an opulent altar of Gozag.
 11824 | D:9      | Bought a scroll of enchant weapon for 217 gold pieces
 12092 | D:9      | Found a runed translucent door.
 12099 | D:9      | Found the +10 large shield of Ignorance {rN+ Int-4}
 12138 | D:9      | Noticed an orange crystal statue
 12321 | D:9      | Noticed an orange crystal statue
 12321 | D:9      | Noticed an orange crystal statue
 12321 | D:9      | Noticed an orange crystal statue
 12340 | D:9      | Noticed a two-headed ogre
 12355 | D:9      | Slain by an ogre

Levels and vault maps discovered:
D:1:      saegor_arrival_simple_a, layout_loops_cross, hex_large,
          minmay_misc_feat_encased, dk_noncrumbling_4,
          minmay_misc_feat_enclosed, minmay_misc_feat_ornament,
          kennysheep_decorative_pillar, minmay_misc_feat_hallway,
          minmay_liquid_box
D:2:      layout_rooms, chequers_temple_overflow_statue_of_worship,
          serial_corexii_hall, corexii_hall_statues_s, corexii_hall_statues_i
D:3:      layout_basic, led_xom_imps
D:4:      layout_loops_cross, zin_purify, uniq_duvessa
D:5:      layout_cave_pools, dancing_weapons_uskayaw, kennysheep_mini_moat,
          first_ration, serial_park, portal_sewer_entry_d
D:6:      layout_loops_cross, minmay_temple_entry_statues_fountains,
          nrook_campfire
D:7:      layout_rooms, lemuel_mausoleum_altar_yredelemnul, lemuel_doored_altar,
          basic_altar, uniq_pikel, uniq_harold
D:8:      layout_basic
D:9:      layout_cave_pods, overflow_temple_1_default, serial_shops,
          shop_fountains, the_bakery, chequers_guarded_unrand_ignorance
D:10:     layout_rooms, orc_david_3, basic_altar, gammafunk_ghost_grave,
          hangedman_minor_magic
D:11:     layout_roguey, lair_entry_dummy, nemelex_altar_shiori

Skill      XL: |  1  2  3  4  5  6  7  8  9 10 |
---------------+-------------------------------+-----
Axes           | 2 3 4 5 6 8 |  8.3
Armour         | 2 3 4 5 6 7 |  7.2
Shields        | 1 2 3 4 |  4.8
Invocations    | 3 4 5 6 7 |  7.6
Dodging        | 1 2 |  2.6
Fighting       | 4 5 6 |  6.0
Throwing       | |  0.6

Action                   |  1- 3 |  4- 6 |  7- 9 | 10-12 || total
-------------------------+-------+-------+-------+-------++-------
Melee: Hand axe          |   103 |   190 |   477 |   516 ||  1286
       Kick              |    11 |    29 |   103 |   120 ||   263
Throw: Boomerang         |       |     4 |     1 |       ||     5
Invok: Depart the Abyss  |     1 |       |       |       ||     1
       Bend Space        |       |     1 |       |       ||     1
       Banish            |       |       |       |     2 ||     2
 Abil: Evoke Berserk Rag |       |       |       |     1 ||     1
Evoke: Wand              |       |     1 |       |       ||     1
  Use: Scroll            |       |     9 |     6 |     2 ||    17
       Potion            |       |     5 |     5 |     4 ||    14
 Stab: Invisible         |       |       |     4 |       ||     4
  Eat: Chunk             |     1 |     5 |     9 |     6 ||    21
       Ration            |       |       |     2 |     2 ||     4
Armor: Ring mail         |    62 |   109 |       |       ||   171
       Skin              |       |    70 |       |     8 ||    78
       Chain mail        |       |    36 |   443 |    46 ||   525
       Plate armour      |       |       |       |   406 ||   406
Dodge: Dodged            |    48 |    92 |   121 |   126 ||   387
Block: Buckler           |    14 |    39 |   130 |    98 ||   281

Table legend:
 A = Non-vault XP
 B = Vault XP
 C = Vault XP percentage of total XP
 D = Non-vault monster count
 E = Vault monster count
 F = Vault count percentage of total count
                 A         B        C        D         E       F
            +---------+---------+-------+---------+---------+-------
      Total |    8143 |    3095 |  27.5 |     233 |      20 |   7.9
            +---------+---------+-------+---------+---------+-------
        D:1 |      29 |       0 |   0.0 |      19 |       0 |   0.0
        D:2 |      75 |       0 |   0.0 |      23 |       0 |   0.0
        D:3 |      67 |      93 |  58.1 |      12 |       2 |  14.3
        D:4 |     563 |     228 |  28.8 |      25 |       2 |   7.4
        D:5 |     841 |      14 |   1.6 |      40 |       1 |   2.4
        D:6 |     900 |     663 |  42.4 |      23 |       1 |   4.2
        D:7 |     922 |    1868 |  67.0 |      19 |      13 |  40.6
        D:8 |    2181 |       0 |   0.0 |      26 |       0 |   0.0
        D:9 |    1923 |     229 |  10.6 |      37 |       1 |   2.6
       D:11 |     642 |       0 |   0.0 |       9 |       0 |   0.0
            +---------+---------+-------+---------+---------+-------
